 Dungeon Crawl Stone Soup version 0.28-a0-697-g47f3eba078 (webtiles) character file.

Game seed: 4550765390546257204

188 bande the Covered (level 5, -1/33 HPs)
             Began as a Gargoyle Fighter on Oct 24, 2021.
             Slain by an ogre (11 damage)
             ... on level 5 of the Dungeon.
             The game lasted 00:02:44 (2289 turns).

bande the Covered (Gargoyle Fighter)                Turns: 2289, Time: 00:02:44

Health: -1/33      AC: 15    Str: 20    XL:     5   Next: 67%
Magic:  5/5        EV:  6    Int: 15    God:
Gold:   128        SH:  4    Dex:  9    Spells: 4/4 levels left

rFire   . . .      SeeInvis +   a - +1 war axe
rCold   . . .      Faith    .   c - +0 buckler
rNeg    + . .      Spirit   .   h - +0 plate armour
rPois   ∞          Reflect  .   (no helmet)
rElec   +          Harm     .   (no cloak)
rCorr   .          Rampage  .   (no gloves)
Will    .....                   (no boots)
Stlth   ..........              (no amulet)
HPRegen 0.11/turn               g - +6 ring of intelligence
MPRegen 0.09/turn               b - ring of see invisible

@: mighty
A: sickness immunity, AC +4, negative energy resistance 1, electricity
resistance, torment resistance 1, petrification resistance
a: no special abilities


You were on level 5 of the Dungeon.
You visited 1 branch of the dungeon, and saw 5 of its levels.

You collected 128 gold pieces.

Inventory:

Hand Weapons
 a - a +1 war axe (weapon)
Armour
 c - a +0 buckler (worn)
 h - a +0 plate armour (worn)
Jewellery
 b - a ring of see invisible (right hand)
 g - a +6 ring of intelligence (left hand)
Potions
 d - a potion of might
 e - 2 potions of lignification {unknown}
 f - 2 potions of heal wounds {unknown}
 i - a potion of brilliance {unknown}
 j - a potion of cancellation {unknown}
 k - a potion of curing {unknown}
 l - a potion of haste {unknown}


   Skills:
 + Level 4.0 Fighting
 + Level 3.8 Axes
 + Level 4.1 Armour
 + Level 4.0 Shields


You had 4 spell levels left.
You didn't know any spells.
Your spell library contained the following spells:

 Spells                   Type           Power      Damage    Failure   Level
 Conjure Ball Lightning   Conj/Air       0%         3x3d6     100%        6
 Discord                  Hex            0%         N/A       100%        8
 Disjunction              Tloc           0%         N/A       100%        8


Dungeon Overview and Level Annotations

Branches:
Dungeon (6/15)
 Temple: D:4-7

Altars:


Innate Abilities, Weirdness & Mutations

You are immune to sickness and miasma.
Your stone body is resilient. (AC +4)
You are immune to poison.
You resist negative energy. (rN+)
You are resistant to electric shocks. (rElec)
You are resistant to unholy torment.
You are immune to petrification.


Message History

An ogre comes into view. It is wielding a +0 giant club.
The jackal moves out of view.
There is a stone staircase leading up here.
The ogre shouts!
You hit the jackal.
The jackal is heavily wounded.
The jackal bites you but does no damage.
You barely miss the jackal.
The jackal is heavily wounded.
You barely miss the adder. The jackal barely misses you.
The adder barely misses you.
The jackal bites you but does no damage.
You block the jackal's attack. The adder bites you but does no damage.
You closely miss the jackal.
The jackal is heavily wounded.
You hit the adder. You closely miss the jackal. The jackal barely misses you.
The jackal bites you but does no damage.
The adder bites you but does no damage.
The jackal bites you but does no damage.
The jackal barely misses you. You block the adder's attack.
You feel very mighty all of a sudden. You block the jackal's attack.
The jackal bites you but does no damage.
The adder barely misses you. The jackal closely misses you.
You slash the adder!
You kill the adder!
You hit the jackal. You closely miss the jackal.
The jackal bites you but does no damage. x3
Your Shields skill increases to level 4!
Your plate armour prevents you from hitting the ogre.
Your plate armour prevents you from hitting the jackal.
You slash the jackal!
You kill the jackal!
The jackal bites you but does no damage.
The ogre hits you with a +0 giant club! You block the jackal's attack.
Unknown command.
You barely miss the ogre. You slash the jackal!
You kill the jackal!
The ogre hits you with a +0 giant club!
You die...

..... ..... ....
.... #... ... .
..###.. . #..#..#
##. #..#..#
#.####.#..#
##.##...@†.#...
#..#...........##...
................# #
...............##
(.......[........
..................
...................
.............###..#


You could see an ogre.

Vanquished Creatures
  An ice beast (D:5)
  A centaur zombie (D:6)
  3 adders
  A dart slug (D:1)
  4 endoplasms
  2 giant cockroaches (D:1)
  7 goblins
  2 hobgoblins (D:1)
  8 jackals
  2 quokkas (D:1)
  4 ball pythons
  2 bats (D:1)
  A frilled lizard (D:1)
  2 kobolds
  2 rats (D:1)
42 creatures vanquished.

Notes
Turn   | Place    | Note
-------+----------+-------------------------------------------
     0 | D:1      | bande the Gargoyle Fighter began the quest for the Orb.
     0 | D:1      | Reached XP level 1. HP: 14/14 MP: 1/1
    88 | D:1      | Found a faded altar of an unknown god.
    89 | D:1      | Noticed a shining eye
    91 | D:1      | Noticed an eye of devastation
    91 | D:1      | Noticed a golden eye
    91 | D:1      | Noticed a great orb of eyes
   286 | D:1      | Reached XP level 2. HP: 19/19 MP: 2/2
   766 | D:1      | Reached XP level 3. HP: 17/23 MP: 3/3
  2031 | D:2      | Reached XP level 4. HP: 29/29 MP: 4/4
  2215 | D:3      | You fall into a shaft and drop 3 floors!
  2268 | D:5      | Entered Level 5 of the Dungeon
  2269 | D:5      | Noticed an ice beast
  2279 | D:5      | Killed an ice beast
  2280 | D:5      | Reached XP level 5. HP: 23/33 MP: 5/5
  2281 | D:5      | Noticed an ogre
  2289 | D:5      | Slain by an ogre

Illustrated notes

Levels and vault maps discovered:
D:1:      dpeg_arrival_windows_large_door, layout_basic,
          hellmonk_ecumenical_altar_watching_god
D:2:      layout_basic, hangedman_decor_clover_reticule
D:3:      layout_basic
D:5:      layout_cave_pools, mainiacjoe_overflow_alcove_4,
          grunt_temple_overflow_order_and_chaos_2, minmay_temple_entry_mist,
          enter_ossuary_1
D:6:      layout_loops_ring, mainiacjoe_overflow_24_doors,
          grunt_temple_overflow_holy_war, serial_shops,
          nicolae_shop_behind_doors, lemuel_flamethrower_2

Skill      XL: |  1  2  3  4  5 |
---------------+----------------+-----
Axes           | 2 3 |  3.8
Fighting       | 4 |  4.0
Armour         | 4 |  4.1
Shields        | 4 |  4.0

Action                   |  1- 3 |  4- 6 || total
-------------------------+-------+-------++-------
Melee: War axe           |    96 |    23 ||   119
  Use: Scroll            |     1 |       ||     1
       Potion            |       |     1 ||     1
Armor: Scale mail        |    44 |       ||    44
       Plate armour      |    23 |    36 ||    59
Dodge: Dodged            |    46 |    14 ||    60
Block: Buckler           |    20 |     8 ||    28

Table legend: (Time is in decaauts)
 A = Elapsed time spent in this place.
 B = Non-inter-level travel time spent in this place.
 C = Inter-level travel time spent in this place.
 D = Time resting spent in this place.
 E = Time spent auto-exploring this place.
 F = Levels seen in this place.
 G = Mean time per level.
                   A        B        C        D        E       F      G
               +--------+--------+--------+--------+--------+-----+--------+
         Total |   2333 |   2311 |     22 |      0 |   1945 |   5 |  466.6 |
       Dungeon |   2333 |   2311 |     22 |      0 |   1945 |   5 |  466.6 |
               +--------+--------+--------+--------+--------+-----+--------+

Top non-repeatable levels by time:
     D:1: 1298 daAuts
     D:2: 952 daAuts
     D:6: 56 daAuts
     D:5: 24 daAuts
     D:3: 1 daAuts
